 Dungeon Crawl Stone Soup version 0.28.0-53-g5a82cb258f (webtiles) character file.

Game seed: 17186951482443953367

1633 issech the Chopper (level 8, -3/70 HPs)
             Began as a Minotaur Monk on June 5, 2022.
             Killed by vampiric draining
             ... invoked by a vampire
              (14 damage)
             ... on level 6 of the Dungeon.
             The game lasted 00:17:53 (6019 turns).

issech the Chopper (Minotaur Monk)                  Turns: 6019, Time: 00:17:54

Health: -3/70      AC: 14    Str: 23    XL:     8   Next: 66%
Magic:  7/7        EV:  9    Int:  7    God:
Gold:   305        SH:  0    Dex: 21    Spells: 7/7 levels left

rFire   . . .      SeeInvis .   A - +7 dagger of Moadara {holy, rC- Str+7}
rCold   x . .      Faith    .   (no shield)
rNeg    . . .      Spirit   .   v - +0 plate armour
rPois   .          Reflect  .   (helmet restricted)
rElec   .          Harm     .   (no cloak)
rCorr   .          Rampage  .   (no gloves)
Will    .....                   m - +0 pair of boots
Stlth   ..........              j - amulet of magic regeneration
HPRegen 0.21/turn               C - +6 ring of dexterity
MPRegen 0.50/turn               (no ring)

@: no status effects
A: horns 2, retaliatory headbutt
a: no special abilities


You were on level 6 of the Dungeon.
You visited 1 branch of the dungeon, and saw 6 of its levels.
You also visited: Sewer.

You collected 329 gold pieces.
You spent 24 gold pieces at shops.

Inventory:

Hand Weapons
 a - a +0 hand axe
 i - a +0 short sword
 p - a +0 long sword
 r - a +0 hunting sling
 t - a +0 war axe
 w - a +0 morningstar
 z - a +1 flail of holy wrath
 A - the +7 dagger of Moadara (weapon) {holy, rC- Str+7}
   (You found it on level 4 of the Dungeon)

   It has been blessed by the Shining One to cause great damage to the undead
   and demons.
   Str:       It affects your strength (+7).
   rC:        It makes you vulnerable to cold.
 B - a +0 quarterstaff
Missiles
 c - 37 sling bullets
 k - 209 stones (quivered)
 n - 6 poisoned darts
 q - 33 arrows
Armour
 d - a +0 ring mail
 m - a +0 pair of boots (worn)
 v - a +0 plate armour (worn)
 I - a +0 scale mail
Jewellery
 j - an amulet of magic regeneration (around neck)
 C - a +6 ring of dexterity (left hand)
Scrolls
 b - 2 scrolls of magic mapping
 f - 2 scrolls of fog
 g - a scroll of amnesia
 l - a scroll of vulnerability {unknown}
 o - 4 scrolls of fear {unknown}
 x - a scroll of teleportation {unknown}
 y - 4 scrolls of immolation
 D - a scroll of blinking {unknown}
 E - a scroll of noise {unknown}
 G - a scroll of enchant armour {unknown}
Potions
 e - 4 potions of heal wounds
 h - 2 potions of resistance {unknown}
 s - 5 potions of curing
 u - a potion of lignification {unknown}
 F - 2 potions of haste {unknown}
 H - a potion of attraction {unknown}
 J - a potion of mutation {unknown}


   Skills:
 + Level 6.2 Fighting
 + Level 3.6 Short Blades
 + Level 7.8 Axes
 + Level 2.3 Slings
 + Level 0.2(1.2) Throwing
 + Level 6.7 Armour
 + Level 5.0 Dodging
 + Level 2.3 Stealth


You had 7 spell levels left.
You didn't know any spells.
Your spell library contained the following spells:

 Spells                   Type           Power      Damage    Failure   Level
 Sandblast                Erth           0%         2d4       100%        1
 Passwall                 Tmut/Erth      0%         N/A       100%        2
 Call Canine Familiar     Summ           0%         N/A       100%        3
 Conjure Flame            Conj/Fire      0%         6-21      100%        3
 Ignite Poison            Fire/Tmut/Pois 0%         N/A       100%        3
 Portal Projectile        Hex/Tloc       0%         N/A       100%        3
 Stone Arrow              Conj/Erth      0%         3d7       100%        3
 Leda's Liquefaction      Hex/Erth       0%         N/A       100%        4
 Sticky Flame             Conj/Fire      0%         2d3       100%        4


Dungeon Overview and Level Annotations

Branches:
Dungeon (6/15)             Temple (0/1) D:6           Sewer (visited)

Altars:
Dithmenos
Kikubaaqudgha
Makhleb
Nemelex Xobeh
Ru
Trog
Wu Jian
Xom

Shops:
D:4 **

Annotations:
D:5 2 transporters, Brotato's ghost, novice GnBr


Innate Abilities, Weirdness & Mutations

You have a pair of horns on your head.
You reflexively headbutt those who attack you in melee.


Message History

You hit the vampire but do no damage. You headbutt the vampire.
The vampire is lightly damaged.
The vampire hits you! The vampire barely misses you.
The vampire casts a spell at you.
You are more confused.
You're too confused to move!
You're too confused to move!
The vampire hits you but does no damage.
The vampire closely misses you.
You bump into the rock wall.
The vampire hits you!
The vampire bites you but does no damage.
You closely miss the vampire.
You headbutt the vampire, but do no damage.
The vampire is lightly damaged.
The vampire hits you! The vampire bites you!
The vampire draws strength from your injuries!
You bump into the rock wall.
You feel less confused. The vampire hits you. The vampire closely misses you.
You puncture the vampire!
The vampire convulses!
The vampire is heavily damaged.
The vampire hits you. The vampire bites you.
The vampire draws strength from your injuries!
You hit the vampire.
The vampire convulses.
Your headbutt misses the vampire.
The vampire is severely damaged.
You hit the vampire but do no damage.
You headbutt the vampire, but do no damage.
The vampire is severely damaged.
The vampire hits you but does no damage.
The vampire bites you!
The vampire draws strength from your injuries!
You hit the vampire.
The vampire convulses.
The vampire is severely damaged.
The vampire draws life force from you!
* * * LOW HITPOINT WARNING * * *
The vampire is healed by the life force!
You barely miss the vampire.
The vampire is heavily damaged.
The vampire draws life force from you!
You die...

.# #.# #####.##.# *,,,,,,,,,
.###.# #.##.# *,*,****** .....#
#.##.# **,*** .###.## #.##.#
**,,,** .# #..# #.##.####*,,,,,**
.# ##†#######.##....#,,,,,,,*****
.# #.......##.##.##....._,,,,,,,,
.# #.#####.##.##V#***...,,,,*,***
.###.## #.##.##@# **,.,,,*#,*
......# #.....#.######,,,###.###
......# #.##.........#*,*#....<#
###.>.####.##.#########*....#.#..
##.......##.# *#***#,###
##########.#***** *,,,, #..,,,,*
***** ###***,* *,*


You could see a vampire.

Vanquished Creatures
  Grinder (D:4)
  Menkaure (D:4)
  2 water moccasins
  Edmund (D:4)
  An ogre (D:5)
  An ice beast (D:4)
  2 necrophages (D:5)
  A phantom (D:5)
  Blork the orc (D:4)
  A crimson imp (D:6)
  A bullfrog zombie (D:5)
  5 hounds
  A bullfrog skeleton (D:5)
  3 iguanas
  2 orc wizards
  4 adders
  A shadow imp (D:3)
  4 worms
  A dart slug (D:3)
  10 orcs
  4 bats
  2 endoplasms
  4 giant cockroaches
  4 goblins
  3 hobgoblins
  5 jackals
  3 kobolds
  6 quokkas
  6 ball pythons
  A frilled lizard (D:3)
  3 rats
85 creatures vanquished.

Notes
Turn   | Place    | Note
-------+----------+-------------------------------------------
     0 | D:1      | issech the Minotaur Monk began the quest for the Orb.
     0 | D:1      | Reached XP level 1. HP: 19/19 MP: 0/0
   704 | D:2      | Reached XP level 2. HP: 27/27 MP: 1/1
   728 | D:2      | Reached skill level 4 in Axes
  1180 | D:2      | Reached XP level 3. HP: 24/33 MP: 2/2
  1426 | D:2      | Found a burning altar of Makhleb.
  1460 | D:2      | Found a faded altar of an unknown god.
  1741 | D:3      | Reached skill level 1 in Armour
  1876 | D:3      | Reached XP level 4. HP: 38/41 MP: 3/3
  2116 | D:3      | Found a sparkling altar of Nemelex Xobeh.
  2235 | D:3      | Found an ornate altar of the Wu Jian Council.
  2327 | D:3      | Found a sacrificial altar of Ru.
  2351 | D:3      | Reached skill level 5 in Axes
  2351 | D:3      | Reached XP level 5. HP: 45/47 MP: 4/4
  2684 | D:4      | Found Yxtol's General Store.
  2694 | D:4      | Noticed a water moccasin
  2710 | D:4      | Killed a water moccasin
  2825 | D:4      | Found Menopocu's Specific Store.
  2825 | D:4      | Noticed an ogre
  2848 | D:4      | Noticed Blork the orc
  2854 | D:5      | Entered Level 5 of the Dungeon
  2873 | D:5      | Noticed an ice beast
  2874 | D:5      | Reached XP level 6. HP: 42/55 MP: 5/5
  2880 | D:4      | Noticed Menkaure
  2884 | D:4      | Killed an ice beast
  2885 | D:4      | Reached skill level 5 in Fighting
  2885 | D:4      | Reached skill level 6 in Axes
  2887 | D:4      | Killed Menkaure
  3067 | D:4      | Killed Blork the orc
  3068 | D:4      | Reached XP level 7. HP: 24/61 MP: 6/6
  3305 | D:4      | Noticed Edmund
  3317 | D:4      | Killed Edmund
  3318 | D:4      | Reached skill level 7 in Axes
  3390 | D:4      | Identified the +7 dagger of Moadara {holy, rC- Str+7}
  3414 | D:4      | Bought a scroll of identify for 24 gold pieces
  3437 | D:4      | Noticed Grinder
  3455 | D:4      | Paralysed by Grinder for 7 turns
  3466 | D:4      | Killed Grinder
  3784 | D:4      | Reached skill level 1 in Slings
  3813 | D:4      | Reached skill level 5 in Dodging
  3944 | D:4      | Found a shadowy altar of Dithmenos.
  4768 | D:5      | Reached XP level 8. HP: 70/70 MP: 7/7
  4808 | D:5      | Reached skill level 1 in Short Blades
  4808 | D:5      | Reached skill level 5 in Armour
  4973 | D:5      | Found a bloodstained altar of Trog.
  5044 | D:5      | Found a transporter.
  5047 | D:5      | Noticed Brotato's ghost (novice GnBr)
  5158 | D:5      | Found an ancient bone altar of Kikubaaqudgha.
  5232 | D:5      | Found a transporter.
  5484 | D:6      | Found a staircase to the Ecumenical Temple.
  5553 | D:6      | Found a glowing drain.
  5576 | Sewer    | Entered a sewer
  5859 | D:6      | Found a shimmering altar of Xom.
  6019 | D:6      | Killed from afar by a vampire

Illustrated notes

Levels and vault maps discovered:
D:1:      lightli_arrival_farm, layout_basic
D:2:      layout_rooms, shapermc_ecumenical_altar_notcrosses, basic_altar
D:3:      layout_basic, lemuel_doored_altar, nemelex_xobeh_ov_fountains_minmay,
          nzn_wu_jian_contemplation, item_on_display_a
D:4:      layout_basic, nicolae_dithmenos_shadow_blocks,
          kennysheep_another_room, nicolae_specific_store, uniq_grinder,
          uniq_menkaure, uniq_edmund, uniq_blork_the_orc
D:5:      layout_cave_pools, overflow_temple_1_default,
          mainiacjoe_overflow_six_doors_small, gammafunk_ghost_arena
D:6:      layout_loops_ring, led_xom_imps, lemuel_round_altar,
          minmay_temple_entry_large_hall, portal_sewer_entry_f

Skill      XL: |  1  2  3  4  5  6  7  8 |
---------------+-------------------------+-----
Fighting       | 4 5 6 |  6.2
Axes           | 4 5 6 7 |  7.8
Armour         | 1 2 3 4 6 |  6.7
Dodging        | 4 5 |  5.0
Stealth        | 2 |  2.3
Slings         | 2 |  2.3
Short Blades   | 3 |  3.6
Throwing       | |  0.2

Action                   |  1- 3 |  4- 6 |  7- 9 || total
-------------------------+-------+-------+-------++-------
Melee: Hand axe          |    83 |    31 |       ||   114
       Headbutt          |    15 |    12 |    30 ||    57
       Punch             |     2 |     1 |     1 ||     4
       War axe           |       |    38 |    10 ||    48
       Dagger            |       |       |   115 ||   115
 Fire: Hunting sling     |       |     5 |       ||     5
Throw: Stone             |       |       |     3 ||     3
  Use: Potion            |       |     1 |       ||     1
       Scroll            |       |       |     5 ||     5
Armor: Ring mail         |    25 |    30 |       ||    55
       Robe              |     3 |       |       ||     3
       Plate armour      |       |       |    65 ||    65
Dodge: Dodged            |    54 |    58 |    43 ||   155
